[Event "Titled Tuesday Blitz July 25 Early 2023"]
[White "Yaran, Siar"]
[Black "Samunenkov, Ihor"]
[WhiteFideId "6323006"]
[BlackFideId "14187086"]
[WhiteElo "2566"]
[BlackElo "2804"]
[Result "1-0"]
[Round "4"]
[TimeControl "180+2"]
[Date "2023.07.25"]
[WhiteClock "0:00:26"]
[BlackClock "0:00:07"]
[Board "54"]

1. e4 c5 2. Nf3 Nc6 3. d4 cxd4 4. Nxd4 Nf6 5. Nc3 e5 6. Ndb5 d6 7. Bg5 a6 8. Na3 b5 9. Nd5 Be7 10. Bxf6 Bxf6 11. c3 Rb8 12. Nc2 Bg5 13. Be2 O-O 14. a3 g6 15. g3 Bb7 16. h4 Bh6 17. h5 Kg7 18. Nce3 Bg5 19. f4 exf4 20. gxf4 Bh4+ 21. Kf1 Kg8 22. Bd3 Ne7 23. Qg4 Nxd5 24. exd5 Bf6 25. hxg6 hxg6 26. Bxg6 fxg6 27. Qxg6+ Bg7 28. Qh7+ Kf7 29. Nf5 Qf6 30. Rh6 Rg8 31. Nxd6+ Ke7 32. Rxf6 Kxf6 33. Qf5+ Ke7 34. Nxb7 Rxb7 35. Qe6+ Kf8 36. Qc8+ 1-0


[Site "https://www.chess.com"]

[Event "Titled Tuesday Blitz July 25 Early 2023"]
[White "Ilkhomi, Jaloliddin"]
[Black "Nazari, Arad"]
[WhiteFideId "14700948"]
[BlackFideId "12577324"]
[WhiteElo "2565"]
[BlackElo "2784"]
[Result "1/2-1/2"]
[Round "4"]
[TimeControl "180+2"]
[Date "2023.07.25"]
[WhiteClock "0:00:27"]
[BlackClock "0:00:06"]
[Board "55"]

1. d4 Nf6 2. Nf3 g6 3. c4 Bg7 4. Nc3 d5 5. e3 O-O 6. cxd5 Nxd5 7. Bc4 Nxc3 8. bxc3 c5 9. O-O Nd7 10. Qe2 Qa5 11. Bd2 Nb6 12. Bb3 Bg4 13. h3 Bxf3 14. Qxf3 c4 15. Bc2 Rab8 16. Rfd1 e5 17. e4 Nd7 18. a4 Rbc8 19. Rab1 exd4 20. cxd4 c3 21. Be1 Qc7 22. e5 Nb6 23. a5 Nc4 24. Rxb7 Qxa5 25. Bxc3 Qa2 26. Bb3 Qa6 27. Ra1 Qc6 28. Qxc6 Rxc6 29. Raxa7 Nxe5 30. Bb4 Rc1+ 31. Kh2 Nc6 32. Bxf8 Bxf8 33. Rxf7 Bd6+ 34. g3 Nxa7 35. Rc7+ Kf8 36. Rxc1 Nb5 37. d5 Nd4 38. Ba4 Ke7 39. Kg2 h5 40. Re1+ Kf6 41. Re8 h4 42. Rd8 Be7 43. Rh8 hxg3 44. fxg3 Nf5 45. Ra8 Ne3+ 46. Kf3 Nxd5 47. Ra6+ Kg7 48. Bb3 Nf6 49. Bc2 g5 50. h4 gxh4 51. gxh4 Ng8 52. Rg6+ Kf8 53. h5 Nf6 54. h6 Nd7 55. Bb3 Ne5+ 56. Kf4 Nxg6+ 57. Kf5 Nh8 58. Bc4 Bc5 59. Bb3 Be3 60. Bc4 Bxh6 61. Bb3 Ke7 62. Bc4 Bc1 63. Bb3 Bb2 64. Bc4 Kf8 65. Bb3 Kg7 66. Bc4 Ng6 67. Bb3 Ne5 68. Ke4 Kf6 69. Bc4 Nxc4 70. Kd3 Nd6 71. Kc2 Be5 72. Kd3 Kf5 73. Ke3 Bf4+ 74. Kd3 Ke5 75. Kc3 Ke4 76. Kb4 Kd4 77. Ka5 Kc5 78. Ka6 Kc6 79. Ka7 Kc7 80. Ka8 Bd2 81. Ka7 Nc8+ 82. Ka8 Nb6+ 83. Ka7 Be3 84. Ka6 Kc6 85. Ka7 Nd5+ 86. Kb8 Bf4+ 87. Kc8 Bd6 88. Kd8 Nc7 89. Kc8 Bc5 90. Kb8 Bd4 91. Kc8 Ba7 92. Kd8 Nd5 93. Kc8 Kd6 94. Kb7 Bc5 95. Ka6 Kc6 96. Ka5 Nb4 97. Ka4 Kd5 98. Kb5 Bd6 99. Ka5 Kc5 100. Ka4 Bc7 101. Kb3 Kb5 102. Kc3 Bf4 103. Kd4 Bd2 104. Ke4 Kc4 105. Kf3 Kd3 106. Kf2 Nd5 107. Kf3 Be3 108. Kg3 Ke4 109. Kg2 Nf4+ 110. Kg3 Bg1 111. Kg4 Bf2 112. Kg5 Bg3 113. Kf6 Bh4+ 114. Kf7 Ke5 115. Ke8 Ke6 116. Kf8 Bf6 117. Ke8 Nd5 118. Kf8 Nc7 119. Kg8 Kf5 1/2-1/2


[Site "https://www.chess.com"]

[Event "Titled Tuesday Blitz July 25 Early 2023"]
[White "Yurovskykh, Oleksandr"]
[Black "Fiorito, Joaquin"]
[WhiteFideId "14134020"]
[BlackFideId "180173"]
[WhiteElo "2561"]
[BlackElo "2784"]
[Result "0-1"]
[Round "4"]
[TimeControl "180+2"]
[Date "2023.07.25"]
[WhiteClock "0:00:03"]
[BlackClock "0:00:38"]
[Board "56"]

1. c4 Nf6 2. g3 e6 3. Bg2 d5 4. Nf3 dxc4 5. Qa4+ Nbd7 6. Qxc4 a6 7. Qc2 c5 8. O-O Be7 9. b3 O-O 10. Bb2 Rb8 11. d4 b5 12. Rd1 Qc7 13. Nbd2 Bb7 14. a4 Rbc8 15. axb5 axb5 16. Rac1 Qb6 17. dxc5 Bxc5 18. Qb1 Bxf2+ 19. Kh1 Be3 20. Rxc8 Rxc8 21. h3 Bf2 22. Kh2 Qc7 23. Nf1 Nh5 24. Qd3 Bxg3+ 25. Kh1 Nf8 26. Qxb5 Bd5 27. Rc1 Qd8 28. Rxc8 Qxc8 29. e4 Qc2 30. exd5 Nf4 31. N3d2 Qxb2 32. Nxg3 Qxd2 33. Qf1 exd5 34. Nf5 g6 35. Nh6+ Kg7 36. Ng4 N8e6 37. b4 Qxb4 38. Qa1+ d4 39. Qd1 Qc3 40. Ne5 d3 41. Nf3 Qc2 42. Qd2 Nxg2 43. Kxg2 Nd4 0-1


[Site "https://www.chess.com"]

[Event "Titled Tuesday Blitz July 25 Early 2023"]
[White "Kantor, Gergely"]
[Black "Hansch, Karsten"]
[WhiteFideId "751499"]
[BlackFideId "24692239"]
[WhiteElo "2780"]
[BlackElo "2560"]
[Result "1-0"]
[Round "4"]
[TimeControl "180+2"]
[Date "2023.07.25"]
[WhiteClock "0:00:08"]
[BlackClock "0:00:06"]
[Board "57"]

1. e4 c6 2. d4 d5 3. exd5 cxd5 4. Nf3 Nc6 5. h3 Bf5 6. Bb5 e6 7. Ne5 Qb6 8. c4 dxc4 9. Nc3 Bb4 10. O-O Ne7 11. Nxc4 Qd8 12. a3 Bxc3 13. bxc3 O-O 14. a4 Rc8 15. Ba3 a6 16. Nd6 axb5 17. Nxc8 Nxc8 18. Bxf8 Kxf8 19. axb5 Na5 20. Qa4 b6 21. c4 Qxd4 22. Rfd1 Qc5 23. Rd8+ Ke7 24. Rad1 Nxc4 25. R8d7+ Ke8 26. Qa8 e5 27. R7d5 Qc7 28. Rc1 Be6 29. Rd3 Ke7 30. Qa3+ N8d6 31. Qb4 Qc5 32. Qxc5 bxc5 33. Rdc3 Kd7 34. Rb1 Kc7 35. Rcb3 Kb6 36. Rc3 Nxb5 37. Rd3 Nd6 38. Rxd6+ Ka5 39. Rd8 c4 40. Ra8+ Na7 41. Rxa7# 1-0


[Site "https://www.chess.com"]

[Event "Titled Tuesday Blitz July 25 Early 2023"]
[White "Bagrationi, Alexander"]
[Black "Lobanov, Sergei"]
[WhiteFideId "14104954"]
[BlackFideId "24183750"]
[WhiteElo "2560"]
[BlackElo "2774"]
[Result "0-1"]
[Round "4"]
[TimeControl "180+2"]
[Date "2023.07.25"]
[WhiteClock "0:00:02"]
[BlackClock "0:00:25"]
[Board "58"]

1. d4 Nf6 2. Bg5 Ne4 3. Bf4 d5 4. f3 Nf6 5. Nc3 c5 6. e4 dxe4 7. dxc5 Qa5 8. Bb5+ Bd7 9. a4 Nc6 10. fxe4 e5 11. Bxc6 Bxc6 12. Bxe5 Bxc5 13. Bxf6 gxf6 14. Nf3 Rg8 15. Qe2 O-O-O 16. Rd1 Rde8 17. Rd2 f5 18. e5 Rg4 19. Qd3 Re4+ 20. Kd1 Re3 21. Qxf5+ Kb8 22. Qxf7 Rf8 23. Qxh7 Rexf3 24. gxf3 Bxf3+ 25. Kc1 Bxh1 26. Rd1 Bc6 27. e6 Re8 28. Re1 Bb4 29. Qd3 Bxc3 30. bxc3 Qd5 31. Qf3 Kc8 32. Qf6 Qd6 33. h4 Qa3+ 34. Kd2 Rd8+ 35. Ke2 Qd6 36. Kf2 Rf8 0-1


[Site "https://www.chess.com"]

[Event "Titled Tuesday Blitz July 25 Early 2023"]
[White "Tristan, Leonardo"]
[Black "Kochiev, Ivan"]
[WhiteFideId "113816"]
[BlackFideId "2917890"]
[WhiteElo "2770"]
[BlackElo "2554"]
[Result "1-0"]
[Round "4"]
[TimeControl "180+2"]
[Date "2023.07.25"]
[WhiteClock "0:00:15"]
[BlackClock "0:00:01"]
[Board "59"]

1. d4 Nf6 2. Nf3 e6 3. Bf4 c5 4. c3 d5 5. e3 Bd6 6. Bb5+ Nc6 7. Bg3 O-O 8. Nbd2 Ne7 9. Bd3 b6 10. e4 cxd4 11. e5 dxc3 12. bxc3 Bc7 13. exf6 gxf6 14. Qc2 f5 15. c4 d4 16. O-O Bxg3 17. hxg3 Bb7 18. Rfe1 Rc8 19. Qb2 Nc6 20. Rad1 Qd6 21. Nb3 Rfd8 22. Bb1 Qb4 23. Qc1 Ne7 24. Qg5+ Ng6 25. Nbxd4 Qxc4 26. Nxf5 Rxd1 27. Nh6+ Kg7 28. Rxd1 Bxf3 29. gxf3 Qe2 30. Rd7 Rf8 31. Ng4 Qxf3 32. Be4 Qc3 33. Kg2 Qb2 34. Rd2 Qc3 35. Rc2 Qd4 36. Rc4 Qxc4 37. Qf6+ Kg8 38. Nh6# 1-0


[Site "https://www.chess.com"]

[Event "Titled Tuesday Blitz July 25 Early 2023"]
[White "Yurtseven, Melih"]
[Black "Priasmoro, Novendra"]
[WhiteFideId "6312160"]
[BlackFideId "7105029"]
[WhiteElo "2554"]
[BlackElo "2768"]
[Result "0-1"]
[Round "4"]
[TimeControl "180+2"]
[Date "2023.07.25"]
[WhiteClock "0:00:06"]
[BlackClock "0:00:17"]
[Board "60"]

1. d4 Nf6 2. Nf3 e6 3. Bf4 Be7 4. h3 b6 5. e3 Bb7 6. Nbd2 O-O 7. Bd3 d6 8. O-O Nbd7 9. e4 c5 10. c3 cxd4 11. cxd4 a6 12. Qe2 b5 13. a4 bxa4 14. Rxa4 a5 15. Rfa1 Re8 16. Nb3 e5 17. Bg3 Nb6 18. Rxa5 exd4 19. Bb5 Nfd7 20. Nbxd4 Bf8 21. e5 dxe5 22. Rxa8 Bxa8 23. Nxe5 Nxe5 24. Bxe8 Nec4 25. Nb5 Qd5 26. f3 Bc5+ 27. Kh2 Bb7 28. Rd1 Qg5 29. b3 Ne3 30. Rd3 Qe7 31. Qb2 Nf1+ 32. Kh1 Nxg3+ 33. Kh2 Nf1+ 34. Kh1 Qxe8 35. b4 Qxb5 36. bxc5 Qxd3 37. Qxb6 Qd7 38. c6 Bxc6 39. Qf2 Nd2 40. Qa7 Qxa7 0-1


[Site "https://www.chess.com"]

[Event "Titled Tuesday Blitz July 25 Early 2023"]
[White "Khripachenko, Alexander"]
[Black "Galiot, Goran"]
[WhiteFideId "54184975"]
[BlackFideId "931560"]
[WhiteElo "2765"]
[BlackElo "2551"]
[Result "1/2-1/2"]
[Round "4"]
[TimeControl "180+2"]
[Date "2023.07.25"]
[WhiteClock "0:00:08"]
[BlackClock "0:00:09"]
[Board "61"]

1. e4 c5 2. Nf3 e6 3. d4 cxd4 4. Nxd4 Nf6 5. Nc3 Nc6 6. Ndb5 Bc5 7. Bf4 O-O 8. Bc7 Qe7 9. Bd6 Bxd6 10. Qxd6 Qd8 11. O-O-O a6 12. Nd4 Qb6 13. Nxc6 bxc6 14. Qg3 d5 15. Bd3 Rb8 16. Na4 Qa7 17. e5 Nd7 18. Qh4 g6 19. Rhe1 a5 20. Re3 Rb4 21. Qh6 Re8 22. Nc3 Nf8 23. Rf3 Qb8 24. a3 Rxb2 25. h4 Rb7 26. Re1 c5 27. h5 c4 28. Bxc4 dxc4 29. Ne4 f5 30. Nf6+ Kf7 31. hxg6+ hxg6 32. Qh8 Rb1+ 33. Kd2 Rd8+ 34. Rd3 Rxd3+ 35. cxd3 Rxe1 36. Qg8+ Ke7 37. Qg7+ Kd8 38. Qxf8+ Kc7 39. Qc5+ Kd8 40. Qf8+ Kc7 41. Ne8+ Kb7 42. Nd6+ Ka8 43. Nxc8 Rb1 44. Qe8 Rb2+ 45. Ke3 Qxe5+ 46. Kf3 Qd5+ 47. Kg3 Qe5+ 48. Kh4 Qb8 49. Qc6+ Qb7 50. Qe8 Qc7 51. Nb6+ Kb7 52. Nd7 cxd3 53. Qxe6 Rb6 54. Qd5+ Qc6 55. Nxb6 Kxb6 56. Qxd3 Qc5 57. g4 fxg4 58. Qxg6+ Kb5 59. Qxg4 Qc4 60. Kh5 Qxg4+ 61. Kxg4 Ka4 62. f4 Kxa3 63. f5 Kb2 64. f6 a4 65. f7 a3 66. f8=Q a2 67. Qb4+ Kc2 68. Qc4+ Kb2 69. Qd4+ Kb1 70. Qg1+ Kb2 71. Qf2+ Kb1 72. Qe1+ Kb2 73. Qd2+ Kb1 74. Qxa2+ Kxa2 1/2-1/2


[Site "https://www.chess.com"]

[Event "Titled Tuesday Blitz July 25 Early 2023"]
[White "Atakhan, Abtin"]
[Black "Zavgorodniy, Sergiy"]
[WhiteFideId "22502203"]
[BlackFideId "14110148"]
[WhiteElo "2763"]
[BlackElo "2551"]
[Result "0-1"]
[Round "4"]
[TimeControl "180+2"]
[Date "2023.07.25"]
[WhiteClock "0:00:10"]
[BlackClock "0:00:10"]
[Board "62"]

1. d4 Nf6 2. c3 d6 3. Nf3 Nbd7 4. g3 c6 5. Bg2 e5 6. Bg5 e4 7. Nfd2 d5 8. c4 h6 9. Bxf6 Nxf6 10. cxd5 cxd5 11. Nc3 Be7 12. f3 exf3 13. Nxf3 O-O 14. Ne5 Be6 15. Qb3 Bd6 16. Nf3 Ng4 17. O-O Ne3 18. Rfe1 Nxg2 19. Kxg2 Qa5 20. Qb5 Bb4 21. Qxa5 Bxa5 22. Rec1 Rfe8 23. Kf2 Rad8 24. a3 a6 25. Na4 Bd7 26. Nc5 Bc8 27. b4 Bb6 28. a4 Re7 29. a5 Ba7 30. Na4 Rde8 31. Ra2 Bd7 32. Nb6 Bc6 33. Ne5 Rxe5 34. dxe5 Rxe5 35. e3 Re4 36. Rb2 g5 37. Rc3 Bb8 38. Rd2 Be5 39. Rb3 d4 40. Nc4 Bd5 41. Nxe5 Bxb3 42. Nd7 dxe3+ 0-1


[Site "https://www.chess.com"]

[Event "Titled Tuesday Blitz July 25 Early 2023"]
[White "chessking0310"]
[Black "vishwa_vijeta"]
[WhiteElo "2763"]
[BlackElo "2551"]
[Result "1-0"]
[Round "4"]
[TimeControl "180+2"]
[Date "2023.07.25"]
[WhiteClock "0:00:55"]
[BlackClock "0:00:04"]
[Board "63"]

1. e4 c5 2. Nf3 d6 3. d4 cxd4 4. Nxd4 Nf6 5. Nc3 g6 6. Be3 Bg7 7. f3 O-O 8. Qd2 Nc6 9. Bc4 Bd7 10. O-O-O Rc8 11. Bb3 Nxd4 12. Bxd4 b5 13. Nd5 Nxd5 14. Bxg7 Kxg7 15. exd5 a5 16. a3 Qb6 17. Rhe1 Bf5 18. g4 a4 19. gxf5 axb3 20. c3 Rc4 21. Kb1 Qc7 22. Qg5 f6 23. Qe3 Rf7 24. fxg6 hxg6 25. Rg1 Qd7 26. Qd3 g5 27. Rg3 Rf4 28. Re1 Qf5 29. Re4 Rxe4 30. Qxe4 Qxe4+ 31. fxe4 Rf8 32. Kc1 Rh8 33. Rg2 Rh4 34. Re2 Rf4 35. Kd2 Rf1 36. Kd3 Kg6 37. c4 Rd1+ 38. Kc3 Rc1+ 39. Kxb3 Rxc4 40. Ka2 g4 41. b4 Kg5 42. Kb3 Rd4 43. Kc3 Rc4+ 44. Kb3 Rd4 45. a4 bxa4+ 46. Kxa4 Kf4 47. Ka5 Kf3 48. Re1 Kf2 49. Rb1 Rxe4 50. b5 Re5 51. b6 Rxd5+ 52. Rb5 Re5 53. b7 1-0


[Site "https://www.chess.com"]

[Event "Titled Tuesday Blitz July 25 Early 2023"]
[White "Bauman_Guy"]
[Black "Souleidis, Georgios"]
[BlackFideId "4206827"]
[WhiteElo "2762"]
[BlackElo "2546"]
[Result "1-0"]
[Round "4"]
[TimeControl "180+2"]
[Date "2023.07.25"]
[WhiteClock "0:01:53"]
[BlackClock "0:00:06"]
[Board "64"]

1. e4 c5 2. Nf3 e6 3. d4 cxd4 4. Nxd4 Nf6 5. Nc3 Nc6 6. Ndb5 Bc5 7. Nd6+ Ke7 8. Bf4 e5 9. Nf5+ Kf8 10. Bg5 d6 11. Bxf6 Qxf6 12. Nd5 Qg6 13. c3 Bxf5 14. exf5 Qxf5 15. Qd2 Ne7 16. Nxe7 Kxe7 17. g3 Qe4+ 18. Qe2 Qxh1 19. O-O-O Rac8 20. f4 Qc6 21. Bg2 Qc7 22. Qh5 g6 23. Qh4+ Kf8 24. Bh3 Re8 25. Qh6+ Kg8 26. f5 Qe7 27. Kb1 Qf8 28. Qh4 f6 29. Bg2 Kg7 30. Be4 g5 31. Qg4 h5 32. Qf3 Qe7 33. Bd5 a5 34. Qe4 b5 35. a3 Rb8 36. b4 axb4 37. axb4 Bb6 38. Kb2 Rhc8 39. Be6 Rc7 40. Qf3 Kh6 41. h4 Rf8 42. hxg5+ fxg5 43. Rh1 Qe8 44. Qe2 Rh7 45. Ra1 Ra7 46. Rh1 Rh8 47. Qd2 Kg7 48. Qxg5+ Kf8 49. Qf6+ Rf7 50. Qxh8+ Ke7 51. Qxe8+ Kxe8 52. Bxf7+ Kxf7 53. Rxh5 Kf6 54. g4 Be3 55. Kc2 Bf4 56. Rh8 d5 57. Rf8+ Kg5 58. Rg8+ Kf6 59. Rg6+ Kf7 60. Rd6 d4 61. cxd4 1-0


[Site "https://www.chess.com"]

[Event "Titled Tuesday Blitz July 25 Early 2023"]
[White "Schnaider, Ilan"]
[Black "Gontcharov, Vladislav"]
[WhiteFideId "169013"]
[BlackFideId "4123492"]
[WhiteElo "2760"]
[BlackElo "2543"]
[Result "1-0"]
[Round "4"]
[TimeControl "180+2"]
[Date "2023.07.25"]
[WhiteClock "0:01:17"]
[BlackClock "0:00:12"]
[Board "65"]

1. e4 e6 2. d4 d5 3. Nd2 Be7 4. Ngf3 Nf6 5. e5 Nfd7 6. Bd3 c5 7. c3 Nc6 8. O-O g5 9. Nb1 cxd4 10. cxd4 g4 11. Nfd2 h5 12. Nb3 Qb6 13. Nc3 a6 14. Be3 Na5 15. f4 Nxb3 16. axb3 f5 17. Rc1 Kf7 18. Bxf5 exf5 19. Nxd5 Qa5 20. Nc7 Rb8 21. e6+ Kg6 22. exd7 Bxd7 23. d5 Rhc8 24. d6 Bf6 25. Bd4 Bd8 26. Be5 b5 27. Qd5 Qb6+ 28. Bd4 Bf6 29. Bxb6 1-0


[Site "https://www.chess.com"]

[Event "Titled Tuesday Blitz July 25 Early 2023"]
[White "Terletsky, Oleg"]
[Black "Rozman, Levy"]
[WhiteFideId "14116774"]
[BlackFideId "2039877"]
[WhiteElo "2541"]
[BlackElo "2754"]
[Result "0-1"]
[Round "4"]
[TimeControl "180+2"]
[Date "2023.07.25"]
[WhiteClock "0:00:01"]
[BlackClock "0:00:12"]
[Board "66"]

1. e4 c6 2. d4 d5 3. Nc3 a6 4. e5 Bf5 5. h4 h5 6. Bg5 f6 7. Bd3 Qd7 8. Bf4 fxe5 9. dxe5 g6 10. Nf3 Bg7 11. O-O Nh6 12. Nd4 e6 13. Nxf5 Nxf5 14. g3 O-O 15. Na4 Qc7 16. c4 b5 17. Nc5 Qe7 18. cxd5 Qxc5 19. dxe6 Qe7 20. Qb3 Nd4 21. Qc3 Nxe6 22. Be3 Nd7 23. Bxg6 Nxe5 24. Qc2 Nxg6 25. Qxg6 Qf7 26. Qe4 Rac8 27. Rad1 Qf5 28. Qxf5 Rxf5 29. b3 c5 30. Rd6 Nd4 31. Rxa6 c4 32. bxc4 bxc4 33. Rd1 c3 34. Bxd4 c2 35. Rc1 Bxd4 0-1


[Site "https://www.chess.com"]

[Event "Titled Tuesday Blitz July 25 Early 2023"]
[White "Garakov, Mikhael"]
[Black "Dvirnyy, Danyyil"]
[WhiteFideId "4169034"]
[BlackFideId "817570"]
[WhiteElo "2535"]
[BlackElo "2750"]
[Result "0-1"]
[Round "4"]
[TimeControl "180+2"]
[Date "2023.07.25"]
[WhiteClock "0:00:11"]
[BlackClock "0:00:08"]
[Board "67"]

1. e4 d6 2. d4 Nf6 3. Nc3 e5 4. Nge2 Be7 5. g3 c6 6. a4 exd4 7. Nxd4 d5 8. e5 Ng4 9. f4 O-O 10. h3 Nh6 11. Bg2 f6 12. O-O fxe5 13. fxe5 Na6 14. Bxh6 gxh6 15. Kh2 Nc5 16. Qh5 Kg7 17. Rxf8 Bxf8 18. Rf1 Kh8 19. Qf7 Bg7 20. e6 Qg8 21. e7 Bd7 22. Qxg8+ Rxg8 23. Nf5 Bxf5 24. Rxf5 Re8 25. Nxd5 cxd5 26. Rxd5 Ne6 27. Rd7 Bf6 28. Rxb7 Rxe7 29. Rb8+ Kg7 30. h4 h5 31. Bd5 Be5 32. c3 Bxb8 0-1


[Site "https://www.chess.com"]

[Event "Titled Tuesday Blitz July 25 Early 2023"]
[White "Djordjevic, Vuk"]
[Black "Vyatkin, Dmitry"]
[WhiteFideId "902098"]
[BlackFideId "4171900"]
[WhiteElo "2748"]
[BlackElo "2533"]
[Result "0-1"]
[Round "4"]
[TimeControl "180+2"]
[Date "2023.07.25"]
[WhiteClock "0:00:03"]
[BlackClock "0:00:05"]
[Board "68"]

1. d4 Nf6 2. Bg5 d5 3. Bxf6 exf6 4. e3 Bd6 5. c4 dxc4 6. Bxc4 O-O 7. Nc3 c6 8. Nf3 Bg4 9. h3 Bf5 10. e4 Qe7 11. Bd3 Bxe4 12. Bxe4 f5 13. Qe2 fxe4 14. Nxe4 Re8 15. Nc3 Qf8 16. Ne5 f6 17. f4 fxe5 18. fxe5 Bb4 19. Rf1 Bxc3+ 20. bxc3 Qe7 21. Rb1 b5 22. Qe4 Qe6 23. Rb2 Nd7 24. Re2 Nb6 25. Rf3 Nd5 26. Rg3 Rf8 27. Rc2 Rf4 28. Qe2 Raf8 29. Qd3 Qf7 30. Re2 Rf1+ 31. Kd2 Qf4+ 32. Kc2 Qc1+ 33. Kb3 Rd1 34. Qc2 Qxc2+ 35. Rxc2 Rb1+ 36. Ka3 Rb8 37. Rb2 Rxb2 38. Kxb2 Rf8 39. Kb3 Rf1 40. a4 a6 41. axb5 axb5 42. c4 bxc4+ 43. Kxc4 Rc1+ 44. Kb3 Kf7 45. Rf3+ Ke7 46. Rg3 g6 47. Rf3 Rd1 48. Kc4 Rc1+ 49. Kb3 Rg1 50. g3 g5 51. Kc4 Rh1 52. h4 g4 53. Ra3 Rc1+ 54. Kd3 Rg1 55. Ke4 Ke6 56. Ra7 Rxg3 57. Rxh7 Re3# 0-1


[Site "https://www.chess.com"]

[Event "Titled Tuesday Blitz July 25 Early 2023"]
[White "Suder, Jakub"]
[Black "djokovic74"]
[WhiteFideId "1195310"]
[WhiteElo "2533"]
[BlackElo "2745"]
[Result "0-1"]
[Round "4"]
[TimeControl "180+2"]
[Date "2023.07.25"]
[WhiteClock "0:02:12"]
[BlackClock "0:01:09"]
[Board "69"]

1. d4 e6 2. c4 Nf6 3. Nc3 Bb4 4. f3 O-O 5. a3 Bxc3+ 6. bxc3 Nh5 7. Nh3 f5 8. Bg5 Qe8 9. e3 b6 10. Bd3 Bb7 11. O-O d6 12. e4 fxe4 13. fxe4 Rxf1+ 14. Qxf1 Nd7 15. Qf3 Qg6 16. Qe3 e5 17. Rf1 h6 18. Bh4 Rf8 19. Rxf8+ Kxf8 20. c5 bxc5 21. Bb5 cxd4 22. cxd4 exd4 23. Qxd4 Ne5 24. Nf2 Nf3+ 0-1


[Site "https://www.chess.com"]

[Event "Titled Tuesday Blitz July 25 Early 2023"]
[White "Eynullayev, Atilla"]
[Black "Zubritskiy, Artyom"]
[WhiteFideId "13413570"]
[BlackFideId "4181247"]
[WhiteElo "2530"]
[BlackElo "2742"]
[Result "0-1"]
[Round "4"]
[TimeControl "180+2"]
[Date "2023.07.25"]
[WhiteClock "0:00:07"]
[BlackClock "0:00:08"]
[Board "70"]

1. d4 Nc6 2. Nf3 d6 3. c4 g6 4. g3 Bg7 5. Bg2 f5 6. O-O Nf6 7. Nc3 O-O 8. Rb1 e5 9. dxe5 dxe5 10. Nd5 e4 11. Ne1 Be6 12. Bg5 Ne5 13. b3 c6 14. Nxf6+ Bxf6 15. Bxf6 Qxf6 16. Nc2 Rad8 17. Qe1 b6 18. Qb4 c5 19. Qa4 Rd2 20. Ne3 Rxe2 21. Qxa7 f4 22. gxf4 Qxf4 23. Qe7 Bh3 24. Rbd1 Bxg2 25. Kxg2 Nf3 26. Qe6+ Kh8 27. Qh3 Qxe3 28. Rd7 Ne1+ 29. Rxe1 Rfxf2+ 30. Kh1 Rxe1+ 0-1


[Site "https://www.chess.com"]

[Event "Titled Tuesday Blitz July 25 Early 2023"]
[White "Tokman, Ariel"]
[Black "Schmakel, Sam"]
[WhiteFideId "117420"]
[BlackFideId "2039311"]
[WhiteElo "2526"]
[BlackElo "2741"]
[Result "0-1"]
[Round "4"]
[TimeControl "180+2"]
[Date "2023.07.25"]
[WhiteClock "0:00:01"]
[BlackClock "0:00:02"]
[Board "71"]

1. d4 d5 2. c4 e6 3. Nf3 c6 4. Nbd2 Nf6 5. b3 Nbd7 6. e3 Bd6 7. Bb2 O-O 8. Be2 b6 9. O-O Bb7 10. Ne5 c5 11. cxd5 exd5 12. Ndf3 a6 13. Rc1 Rc8 14. Bd3 Ne4 15. Qe2 b5 16. Nxd7 Qxd7 17. dxc5 Bxc5 18. Nd4 Rfe8 19. Rfd1 Bd6 20. Rxc8 Rxc8 21. Qh5 g6 22. Qh4 Be7 23. Qf4 Nc3 24. Ra1 Bf8 25. h4 Qd6 26. Qf3 Bg7 27. h5 Ne4 28. hxg6 hxg6 29. a4 b4 30. Qe2 Nc3 31. Qf3 a5 32. Rc1 Rc5 33. Qg4 Bc8 34. Qf3 Ba6 35. Bxa6 Qxa6 36. Nb5 Qc6 37. Bxc3 bxc3 38. Rc2 Qe6 39. Qf4 Rc8 40. g3 d4 41. exd4 Qxb3 42. Qe4 Qxa4 43. Qd3 Qb4 44. d5 a4 45. d6 a3 46. d7 Rd8 47. Nxc3 Qb3 48. Qd2 a2 0-1


[Site "https://www.chess.com"]

[Event "Titled Tuesday Blitz July 25 Early 2023"]
[White "Matinian, Nikita"]
[Black "Mindhunter08"]
[WhiteFideId "24129100"]
[WhiteElo "2738"]
[BlackElo "2525"]
[Result "1-0"]
[Round "4"]
[TimeControl "180+2"]
[Date "2023.07.25"]
[WhiteClock "0:00:24"]
[BlackClock "0:00:04"]
[Board "72"]

1. e4 e5 2. Nf3 Nc6 3. Bb5 a6 4. Ba4 Nf6 5. O-O Be7 6. d3 d6 7. c3 O-O 8. Nbd2 b5 9. Bc2 Bg4 10. h3 Bh5 11. a4 b4 12. Nc4 d5 13. exd5 Qxd5 14. Re1 Bxf3 15. Qxf3 Qxf3 16. gxf3 Bd6 17. a5 bxc3 18. bxc3 Nd5 19. Bd2 Rab8 20. Ba4 Nce7 21. Nxe5 Ng6 22. Nd7 Nh4 23. Bd1 Bf4 24. Bxf4 Nxf4 25. Nxb8 Rxb8 26. Re4 g5 27. Rb4 Re8 28. Re4 Rb8 29. Rxf4 gxf4 30. Kf1 Rb2 31. Be2 Rc2 32. d4 Rxc3 33. Bxa6 Nxf3 34. Bb7 Nxd4 35. a6 Nb5 36. a7 Nxa7 37. Rxa7 f3 38. Ke1 Rc1+ 39. Kd2 Rh1 40. Bxf3 Rxh3 41. Ke3 Rh2 42. Rxc7 Rh6 43. Bd5 Rf6 44. f4 Kg7 45. Ke4 Kg6 46. Rc8 Kg7 47. f5 Rd6 48. Rc7 Rf6 49. Ke5 h5 50. Rc1 Rh6 51. Rg1+ Kf8 52. f6 h4 53. Ra1 Kg8 54. Ra8+ Kh7 55. Bxf7 h3 56. Ra7 h2 57. Bd5+ Kh8 58. Ra8+ Kh7 59. Be4+ Rg6 60. Bxg6+ Kxg6 61. Rh8 1-0


[Site "https://www.chess.com"]

[Event "Titled Tuesday Blitz July 25 Early 2023"]
[White "Xu, Yi"]
[Black "Makkar, Rajat"]
[WhiteFideId "8605564"]
[BlackFideId "36016810"]
[WhiteElo "2736"]
[BlackElo "2525"]
[Result "1-0"]
[Round "4"]
[TimeControl "180+2"]
[Date "2023.07.25"]
[WhiteClock "0:00:15"]
[BlackClock "0:00:06"]
[Board "73"]

1. e4 c5 2. Nf3 Nc6 3. Bb5 g6 4. O-O Bg7 5. c3 e5 6. d4 exd4 7. cxd4 cxd4 8. Bf4 Nge7 9. Bd6 a6 10. Ba4 b5 11. Bb3 O-O 12. e5 Bb7 13. Re1 h6 14. Nbd2 Na5 15. Nxd4 Nxb3 16. N2xb3 Re8 17. Nc5 Bc6 18. Qd3 Nc8 19. Nxc6 dxc6 20. Rad1 Qb6 21. b4 a5 22. a3 axb4 23. axb4 Ra7 24. h4 Ne7 25. h5 g5 26. Ne4 Nd5 27. Bc5 Qc7 28. Bxa7 Qxa7 29. Nf6+ Nxf6 30. exf6 Rxe1+ 31. Rxe1 Bxf6 32. Re8+ Kg7 33. Qd6 Kh7 34. Qf8 Qa1+ 35. Kh2 Be5+ 36. g3 Bxg3+ 37. Kg2 Qg7 38. Qxg7+ Kxg7 39. fxg3 1-0


[Site "https://www.chess.com"]

[Event "Titled Tuesday Blitz July 25 Early 2023"]
[White "Sreyas Payyappat"]
[Black "Bryakin, Mikhail"]
[WhiteFideId "46674969"]
[BlackFideId "4165314"]
[WhiteElo "2517"]
[BlackElo "2736"]
[Result "0-1"]
[Round "4"]
[TimeControl "180+2"]
[Date "2023.07.25"]
[WhiteClock "0:00:26"]
[BlackClock "0:00:19"]
[Board "74"]

1. e4 g6 2. d4 Bg7 3. Nc3 d6 4. Be3 Nf6 5. Nf3 a6 6. Qd2 b5 7. Bd3 b4 8. Ne2 Bb7 9. Qxb4 Qc8 10. d5 a5 11. Qa4+ c6 12. Ned4 O-O 13. c4 c5 14. Nb5 Ng4 15. O-O-O Nxe3 16. fxe3 Na6 17. h3 Nb4 18. Bb1 Qd8 19. g4 Bc8 20. a3 Na6 21. Rhg1 h6 22. h4 Bd7 23. g5 h5 24. e5 Nc7 25. Rdf1 Nxb5 26. cxb5 Qb6 27. Bd3 c4 28. Bxc4 Rfc8 29. Kb1 Qxe3 30. e6 Be8 31. exf7+ Bxf7 32. Rg2 Qc5 33. Rc2 Rab8 34. Nd2 Qd4 35. Rfc1 Qxh4 36. Bb3 Rxc2 37. Rxc2 Qxa4 38. Bxa4 Bxd5 39. Nc4 Be4 40. Nxa5 Ra8 41. b4 h4 42. b6 h3 43. Bc6 Bxc2+ 44. Kxc2 Rb8 45. b7 e6 46. Nc4 d5 47. Ne3 h2 48. Nxd5 exd5 49. Bxd5+ Kf8 50. a4 Ke7 51. a5 Kd6 52. Bh1 Kc7 53. a6 Kb6 54. b5 Bd4 55. Kb3 Be3 56. Kc4 Bxg5 57. Bf3 Be3 58. Kd3 Bc5 59. Kc4 Bf2 60. Bg2 g5 61. Bh1 g4 62. Bg2 Ka7 63. Bh1 Bb6 64. Bg2 Rh8 65. Bh1 Rf8 66. Kd5 Rf1 67. Bg2 Rg1 68. Kc6 Rxg2 69. Kd7 Rc2 70. Ke8 h1=Q 0-1


[Site "https://www.chess.com"]